 Dungeon Crawl Stone Soup version 0.30.1-11-g7821555f0a (webtiles) character file.

Game seed: 10925759171949076304

2248 Okkudo the Cleaver (level 9, -3/83 HPs)
             Began as a Hill Orc Monk on Dec 5, 2023.
             Was a Priest of Beogh.
             Slain by a two-headed ogre
             ... wielding a +0 giant club
              (6 damage)
             ... on level 7 of the Dungeon.
             The game lasted 00:24:03 (5928 turns).

Okkudo the Cleaver (Hill Orc Monk)                  Turns: 5928, Time: 00:24:03

Health: -3/83      AC:  8    Str: 18    XL:     9   Next: 37%
Magic:  6/9        EV: 12    Int: 10    God:    Beogh [***...]
Gold:   440        SH:  0    Dex: 13    Spells: 8/8 levels left

rFire   . . .        a - +0 hand axe
rCold   . . .        d - orb {light}
rNeg    . . .        s - +0 ring mail
rPois   .            (no helmet)
rElec   .            (no cloak)
rCorr   .            (no gloves)
SInv    .            i - +2 pair of boots
Will    .....        E - amulet of faith
Stlth   +            (no ring)
HPRegen 0.33/turn    (no ring)
MPRegen 0.11/turn

%: faith
@: glowing
A: no striking features
a: Renounce Religion, Smiting


You were on level 7 of the Dungeon.
You worshipped Beogh.
Beogh was most pleased with you.
You visited 2 branches of the dungeon, and saw 8 of its levels.

You collected 464 gold pieces.
You spent 24 gold pieces at shops.

Inventory:

Hand Weapons
 a - a +0 hand axe (weapon)
 v - a +0 spear of flaming
Missiles
 y - 8 poisoned darts (quivered)
 F - a throwing net
Armour
 d - an orb of light (worn)
 i - a +2 pair of boots (worn)
 s - a +0 ring mail (worn)
Jewellery
 b - an amulet of regeneration
 q - an amulet of magic regeneration
 E - an amulet of faith (around neck)
Wands
 t - a wand of mindburst (10)
 G - a wand of flame (20)
Scrolls
 e - 5 scrolls of poison
 f - a scroll of vulnerability
 g - 3 scrolls of teleportation
 h - 3 scrolls of magic mapping
 j - a scroll of immolation {unknown}
 k - 2 scrolls of noise {unknown}
 l - a scroll of brand weapon {unknown}
 n - a scroll of enchant weapon {unknown}
 o - a scroll of silence {unknown}
 p - a scroll of torment {unknown}
 x - a scroll of amnesia {unknown}
 B - a scroll of blinking {unknown}
 D - 2 scrolls of enchant armour
Potions
 c - a potion of ambrosia
 m - 6 potions of curing
 r - 2 potions of brilliance {unknown}
 u - 2 potions of heal wounds {unknown}
 w - 3 potions of berserk rage
 z - 5 potions of degeneration {unknown}
 A - 2 potions of mutation {unknown}
 C - a potion of might {unknown}


   Skills:
 + Level 9.2 Fighting
 * Level 12.3 Axes
 - Level 4.2 Dodging


You had 8 spell levels left.
You didn't know any spells.
Your spell library contained the following spells:

 Spells                   Type           Power      Damage    Failure   Level
 Magic Dart               Conj           0%         1d3       56%         1
 Sandblast                Erth           0%         2d4       56%         1
 Shock                    Conj/Air       0%         1d3       56%         1
 Sting                    Tmut/Pois      0%         1d3       56%         1
 Call Imp                 Summ           0%         N/A       71%         2
 Passwall                 Tmut/Erth      0%         N/A       71%         2
 Poisonous Vapours        Pois/Air       0%         N/A       71%         2
 Call Canine Familiar     Summ           0%         N/A       90%         3
 Mephitic Cloud           Conj/Pois/Air  0%         N/A       90%         3
 Ozocubu's Armour         Ice            0%         N/A       90%         3
 Portal Projectile        Hex/Tloc       0%         N/A       90%         3
 Stone Arrow              Conj/Erth      0%         3d7       90%         3
 Swiftness                Air            0%         N/A       90%         3
 Airstrike                Air            0%         2d(0-16)  100%        4
 Animate Dead             Necr           0%         N/A       100%        4
 Leda's Liquefaction      Hex/Erth       0%         N/A       100%        4
 Olgreb's Toxic Radiance  Pois           0%         N/A       100%        4
 Borgnjor's Vile Clutch   Necr/Erth      0%         N/A       100%        5
 Metabolic Englaciation   Hex/Ice        0%         N/A       100%        5
 Death Channel            Necr           0%         N/A       100%        6
 Simulacrum               Ice/Necr       0%         N/A       100%        6


Dungeon Overview and Level Annotations

Branches:
Dungeon (7/15)             Temple (1/1) D:5

Altars:
Ashenzari
Cheibriados
Dithmenos
Elyvilon
Fedhas
Gozag
Hepliaklqana
Kikubaaqudgha
Makhleb
Nemelex Xobeh
Okawaru
Qazlal
Trog
Uskayaw
Wu Jian
Xom
Yredelemnul
Zin
The Shining One

Shops:
D:1 ?   D:3 ([*!

Annotations:
D:7 4 runed translucent doors


Message History

The two-headed ogre hits you with a +0 giant club! x2
You hit the two-headed ogre but do no damage.
The two-headed ogre is lightly wounded.
You slash the two-headed ogre!
The two-headed ogre is moderately wounded.
The two-headed ogre hits you with a +0 giant club.
The two-headed ogre barely misses you.
You hit the two-headed ogre.
The two-headed ogre is moderately wounded.
You hit the two-headed ogre.
The two-headed ogre is moderately wounded.
The two-headed ogre hits you with a +0 giant club. x2
You hit the two-headed ogre.
The two-headed ogre is heavily wounded.
You hit the two-headed ogre.
The two-headed ogre is heavily wounded.
The two-headed ogre hits you with a +0 giant club.
The two-headed ogre closely misses you.
You hit the two-headed ogre.
The two-headed ogre is heavily wounded.
You swap places.
The two-headed ogre hits your orc warrior with a +0 giant club!!!
Your orc warrior dies!
Things that are here:
a +0 club; a +0 leather armour; an orc corpse
Aiming: Smiting
Press: ? - help, Dir - move target, f - two-headed ogre Smite: a two-headed ogre, wielding two +0 giant clubs (heavily wounded, ally target, haloed)
You smite the two-headed ogre!
The two-headed ogre is severely wounded.
The two-headed ogre closely misses you.
The two-headed ogre hits you with a +0 giant club.
* * * LOW HITPOINT WARNING * * *
Items here: )) [ †.
You hit the two-headed ogre.
The two-headed ogre is almost dead.
The two-headed ogre hits you with a +0 giant club!!
* * * LOW HITPOINT WARNING * * *
The two-headed ogre hits you with a +0 giant club.
You die...

......#$##8.)8##.........######..
.........######.o.....##.######|.
.....###+ #'###.........^....
....## #...##....#...##).. ....#
##.#.#..#.###.#..## )...# #
#o##.#......##.)## ....#
#.##o#.#[..##.##.#### )##.#
#..###.#...#......... .#..##
####.O@o##.#.#........>
.#...######..######..#...........
##....................#..........
##......##..##...###............
#.(....##.###.#................
#########o###..######.......###
#.........# #.#...#....
#.........# #.......##.
#.........# ###.##.....


You could see a two-headed ogre (ally target) and a friendly orc warrior.

Vanquished Creatures
  Grinder (D:6)
  Eustachio (D:4)
  3 yaks (D:7)
  A steam dragon (D:7)
  A black bear (D:7)
  An ice beast (D:6)
  An ogre (D:5)
  A sky beast (D:6)
  A bullfrog (D:7)
  A kobold brigand (D:7)
  3 scorpions
  2 hounds
  2 gnoll boudas
  Jessica (D:3)
  An iguana (D:4)
  2 orc wizards (D:4)
  10 adders
  10 gnolls
  A shadow imp (D:7)
  A white imp (D:5)
  2 worms
  3 dart slugs
  7 orcs
  8 bats
  5 endoplasms
  2 giant cockroaches
  6 goblins
  6 hobgoblins
  4 jackals (D:3)
  5 quokkas
  6 ball pythons
  3 frilled lizards (D:1)
  9 kobolds
  5 rats
116 creatures vanquished.

Vanquished Creatures (collateral kills)
  An ice beast (D:7)
  2 bullfrogs (D:7)
  A hound (D:7)
  A sleepcap (D:7)
  A shadow imp (D:7)
  An orc (D:7)
  2 kobolds (D:7)
9 creatures vanquished.

Vanquished Creatures (others)
  An orc warrior (D:7)
  A water moccasin (D:5)
  2 orc priests
  An iguana (D:4)
  An orc wizard (D:4)
  A gnoll (D:5)
  An adder (D:4)
  A dart slug (D:4)
  7 orcs
  A goblin (D:4)
17 creatures vanquished.

Grand Total: 142 creatures vanquished

Notes
Turn   | Place    | Note
-------+----------+-------------------------------------------
     0 | D:1      | Okkudo the Hill Orc Monk began the quest for the Orb.
     0 | D:1      | Reached XP level 1. HP: 19/19 MP: 1/1
   143 | D:1      | Reached XP level 2. HP: 27/27 MP: 2/2
   462 | D:1      | Found Etulock's Magic Scroll Emporium.
   470 | D:1      | Bought a scroll of identify for 24 gold pieces
   815 | D:2      | Reached XP level 3. HP: 33/33 MP: 3/3
  1174 | D:2      | Reached XP level 4. HP: 41/41 MP: 4/4
  1317 | D:3      | Found Ughahupn's Assorted Antiques.
  1366 | D:4      | Reached skill level 5 in Axes
  1513 | D:4      | Became a worshipper of Beogh the Brigand
  1513 | D:4      | Reached * piety under Beogh
  1513 | D:4      | Reached ** piety under Beogh
  1583 | D:4      | Found an opulent altar of Gozag.
  1677 | D:4      | Reached XP level 5. HP: 44/47 MP: 5/5
  1720 | D:3      | Found Caq Veng's Distillery.
  1780 | D:3      | Reached skill level 5 in Fighting
  1873 | D:3      | Found Fogi's Armour Shoppe.
  1903 | D:3      | Found Qonienun's Weapon Shop.
  1917 | D:3      | Noticed Jessica
  1922 | D:3      | Killed Jessica
  2201 | D:3      | Reached XP level 6. HP: 45/56 MP: 6/6
  2205 | D:3      | Reached skill level 6 in Axes
  2590 | D:4      | Noticed Eustachio
  2650 | D:4      | Killed Eustachio
  2651 | D:4      | Reached XP level 7. HP: 61/63 MP: 7/7
  3034 | D:5      | Entered Level 5 of the Dungeon
  3132 | D:5      | Found an iron altar of Okawaru.
  3134 | D:5      | Found a bloodstained altar of Trog.
  3138 | D:5      | Found a basalt altar of Yredelemnul.
  3185 | D:5      | Reached skill level 7 in Axes
  3199 | D:5      | Found a staircase to the Ecumenical Temple.
  3458 | D:5      | Found a burning altar of Makhleb.
  3490 | D:5      | Reached *** piety under Beogh
  3491 | D:5      | Reached skill level 8 in Axes
  3509 | Temple   | Entered the Ecumenical Temple
  4010 | D:6      | Noticed Grinder
  4014 | D:6      | Paralysed by Grinder for 3 turns
  4030 | D:6      | Paralysed by Grinder for 5 turns
  4048 | D:6      | Killed Grinder
  4049 | D:6      | Reached skill level 9 in Axes
  4049 | D:6      | Reached XP level 8. HP: 71/73 MP: 8/8
  4488 | D:6      | Found a shimmering altar of Xom.
  4656 | D:6      | Found a glowing golden altar of the Shining One.
  5086 | D:7      | Noticed a yak
  5086 | D:7      | Noticed a yak
  5086 | D:7      | Noticed a yak
  5099 | D:7      | Killed a yak
  5100 | D:7      | Reached skill level 10 in Axes
  5123 | D:7      | Killed a yak
  5139 | D:7      | Killed a yak
  5140 | D:7      | Reached skill level 11 in Axes
  5140 | D:7      | Reached XP level 9. HP: 23/82 MP: 9/9
  5170 | D:7      | Found a large runed translucent door.
  5170 | D:7      | Found a large runed translucent door.
  5187 | D:7      | Noticed a manticore
  5342 | D:7      | Found a large runed translucent door.
  5342 | D:7      | Found a large runed translucent door.
  5732 | D:7      | Reached skill level 12 in Axes
  5904 | D:7      | Noticed a two-headed ogre
  5928 | D:7      | HP: 3/83 [two-headed ogre/+0 giant club (21)]
  5928 | D:7      | Slain by a two-headed ogre

Illustrated notes

Levels and vault maps discovered:
D:1:      onia_arrival_pyramid, layout_loops_cross, serial_shops, shop
D:2:      layout_basic, st_stairs_11
D:3:      minmay_spotlight, layout_basic, serial_shops, shop, shop,
          nicolae_shop_advertising_works [nicolae_subvault_shop_adworks],
          nicolae_shop_stone, uniq_jessica
D:4:      layout_loops_cross, nicolae_gozag_cash_rules_everything_around_me,
          minmay_between, uniq_eustachio
D:5:      layout_cave_pools, mainiacjoe_overflow_six_doors_small,
          grunt_temple_overflow_open, minmay_temple_entry_hall,
          lemuel_flamethrower_2
D:6:      layout_loops_ring, tso_metal_star, lemuel_crystal_altar,
          reono_crystal_passage, uniq_grinder
D:7:      layout_rooms, chequers_serial_rivers_room_b, minmay_crystal_water,
          minmay_hollow_rounded_squares, uniq_joseph
Temple:   nicolae_temple_bog_church

Skill      XL: |  1  2  3  4  5  6  7  8  9 |
---------------+----------------------------+-----
Fighting       | 4 5 6 7 8 9 |  9.2
Dodging        | 3 4 |  4.2
Axes           | 5 6 9 11 12 | 12.3

Action                     |  1- 3 |  4- 6 |  7- 9 || total
---------------------------+-------+-------+-------++-------
  Melee: Hand axe          |   103 |   216 |   254 ||   573
  Throw: Throwing net      |       |       |     1 ||     1
 Invoke: Convert to Beogh  |       |     1 |       ||     1
         Smiting           |       |       |     2 ||     2
  Evoke: Wand              |       |     1 |     1 ||     2
    Use: Scroll            |     3 |     1 |     2 ||     6
 Armour: Robe              |    10 |       |       ||    10
         Leather armour    |    26 |       |       ||    26
         Ring mail         |       |    69 |    70 ||   139
  Dodge: Dodged            |    64 |   130 |   136 ||   330
